 Dungeon Crawl Stone Soup version 0.18.1-48-g4cf74bf (console) character file.

65825 Kloppie the Warrior (level 15, -2/129 HPs)
             Began as a Human Berserker on Aug 3, 2016.
             Was a High Priest of Trog.
             Slain by a spatial maelstrom (14 damage)
             ... on level 2 of the Abyss on Aug 11, 2016.
             The game lasted 00:49:52 (27566 turns).

Kloppie the Warrior (Human Berserker)              Turns: 27566, Time: 00:49:53

Health: -2/129     AC: 28    Str: 20    XL:     15   Next: 59%
Magic:  5/5        EV: 14    Int:  8    God:    Trog [*****.]
Gold:   1200       SH:  5    Dex: 18    Spells: 0 memorised, 14 levels left

rFire  + . .     SeeInvis +     b - +2 trident (antimagic)
rCold  . . .     Gourm    .     A - +4 chain mail {rF+}
rNeg   . . .     Faith    .     K - +0 buckler
rPois  +         Spirit   .     M - +1 helmet {SInv}
rElec  +         Dismiss  .     l - +0 cloak of Axafusk {rElec}
rCorr  .         Reflect  .     d - +1 pair of gloves
SustAt .         Harm     .     (no boots)
MR     +....                    (no amulet)
Stlth  ..........               m - ring of poison resistance
                                O - +5 ring of protection

@: exhausted, about to teleport, slowed, very slow, somewhat resistant to
hostile enchantments, extremely unstealthy
A: strong 1
a: Berserk, Trog's Hand, Brothers in Arms, Burn Spellbooks, Renounce Religion


You were on level 2 of the Abyss.
You worshipped Trog.
Trog was extremely pleased with you.
You were very hungry.

You visited 3 branches of the dungeon, and saw 22 of its levels.
You visited the Abyss 1 time.
You also visited: Volcano.

You collected 2352 gold pieces.
You spent 1152 gold pieces at shops.

Inventory:

Hand Weapons
 a - a +0 trident of freezing
 b - a +2 antimagic trident (weapon)
 E - the +3 glaive of Wealth {holy, Fragile rElec rF++ Str+2}
   (You bought it in a shop on level 2 of the Orcish Mines)

   It has been blessed by the Shining One to cause great damage to the undead
   and demons.
   It affects your strength (+2).
   It greatly protects you from fire.
   It insulates you from electricity.
   It will be destroyed if unequipped.
Armour
 d - a +1 pair of gloves (worn)
 l - the +0 cloak of Axafusk (worn) {rElec}
   (You found it on level 2 of the Lair of Beasts)

   It insulates you from electricity.
 A - a +4 chain mail of fire resistance (worn)
 G - the +0 cloak of Donn {rPois rC+ Int+5}
   (You bought it in a shop on level 2 of the Orcish Mines)

   It affects your intelligence (+5).
   It protects you from cold.
   It protects you from poison.
 K - a +0 buckler (worn)
 M - a +1 helmet of see invisible (worn)
Jewellery
 h - an uncursed ring of stealth
 m - a ring of poison resistance (right hand)
 n - a +5 ring of strength
 o - a +5 ring of evasion
 D - an uncursed ring of protection from cold
 O - a +5 ring of protection (left hand)
 P - a +2 ring of dexterity {unknown}
Wands
 g - a wand of digging (12/24)
 r - a wand of slowing (48/48)
 L - a wand of disintegration (12/24)
 N - a wand of confusion (23/48)
Scrolls
 j - 6 scrolls of fear
 p - 2 scrolls of magic mapping
 s - 5 scrolls of teleportation
 u - a scroll of blinking
 y - a scroll of identify
 B - a scroll of summoning
 C - 2 scrolls of recharging
 F - 3 scrolls of fog
 H - 3 scrolls of remove curse
Potions
 e - a potion of invisibility
 f - 4 potions of might
 k - 6 potions of haste
 q - 5 potions of curing
 t - 2 potions of cure mutation {unknown}
 v - 2 potions of resistance
 x - 2 potions of agility
 I - 8 potions of heal wounds
 J - 2 potions of flight
Comestibles
 c - 16 bread rations
 i - 8 beef jerkies
 z - a royal jelly


   Skills:
 - Level 15.0 Fighting
 + Level 14.3 Polearms
 + Level 12.6 Armour
 - Level 9.8 Dodging
 - Level 4.0 Shields


You had 14 spell levels left.
You didn't know any spells.

Dungeon Overview and Level Annotations

Branches:
Dungeon (13/15)            Temple (0/1) D:6            Lair (7/8) D:11
 Shoals (0/4) Lair:6       Spider (0/4) Lair:3        Slime (0/6) Lair:6
    Orc (2/2) D:10            Elf (0/3) Orc:2
 Vaults: D:13-14

Altars:
Dithmenos
Elyvilon
Fedhas
Nemelex Xobeh
Pakellas
Qazlal
Ru
Sif Muna
Trog
Vehumet
Xom
Zin
The Shining One
Beogh

Shops:
D:8 }   D:9 *   D:12 *   Orc:1 *   Orc:2 ?([:


Innate Abilities, Weirdness & Mutations

Your muscles are strong. (Str +2)


Message History

The spatial maelstrom completely misses you.
The small abomination misses you.
You block the small abomination's attack.
You hit the spatial maelstrom.
The spatial maelstrom is lightly damaged.
You block the spatial maelstrom's attack.
The spatial maelstrom closely misses you.
The small abomination closely misses you.
You block the spatial maelstrom's attack.
The spatial maelstrom hits you but does no damage.
Read which item? (? for menu, Esc to quit)
As you read the scroll of teleportation, it crumbles to dust.
You feel strangely unstable.
You feel the power of the Abyss delaying your translocation!
The small abomination closely misses you.
The spatial maelstrom barely misses you.
The spatial maelstrom hits you!
* * * LOW HITPOINT WARNING * * *
Space warps horribly around you!
You die...

#. . .. .. 3# # .#.
......
.#..#.############
.......#@.?.#....##
.......vx∩........#
...∩............. #
.....#........∩..##
..................##
..........?...#..#.
#
....................
....∩.............
.#
.....#....##.......#


You could see a spatial maelstrom and a small abomination.

Vanquished Creatures
  Azrael (D:11)
  Erolcha (Orc:1)
  The ghost of mishamorgan the Fighter, a journeyman HEWz of Sif Muna (Lair:5)
  An ettin (Orc:2)
  8 hydras
  The ghost of DarthKuruptios the Cleaver, a novice MiBe of Trog (Lair:1)
  2 centaur warriors
  2 ogre magi (Orc:2)
  Nergalle (Orc:1)
  The ghost of Asterope the Conjurer, a novice GrFE of Sif Muna (D:9)
  2 deep trolls (Orc:2)
  An unseen horror (D:13)
  An orb spider (Lair:3)
  6 hill giants
  3 large abominations (Abyss:2)
  Pikel (D:7)
  A statue (Volcano)
  An orc sorcerer (Orc:2)
  3 griffons
  A deep elf mage (D:13)
  5 cyclopes
  12 elephants
  A black mamba (Lair:7)
  A smoke demon (D:11)
  A centaur skeleton (D:11)
  A gargoyle (D:9)
  2 kobold demonologists (D:11)
  12 spiny frogs
  A rime drake (Lair:3)
  9 komodo dragons
  An ancient zyme (Abyss:2)
  9 trolls
  7 two-headed ogres
  A polar bear (Lair:7)
  7 slime creatures
  10 blink frogs
  The ghost of ender666 the Shield-Bearer, an amateur GrFi (D:4)
  A shadow (D:12)
  Sigmund (D:3)
  A small abomination (Abyss:2)
  29 yaks
  3 fire bats (Volcano)
  A wyvern (D:13)
  A hungry ghost (D:8)
  2 wraiths
  7 hippogriffs
  2 fire elementals
  Eustachio (D:6)
  6 basilisks
  Grum (D:8)
  Edmund (D:5)
  11 porcupines
  8 water moccasins
  5 ice beasts
  2 hell hounds (D:11)
  13 orc warriors
  2 slaves (D:7)
  4 sky beasts
  A black bear (D:11)
  3 phantoms
  3 wolves (D:8)
  A necrophage (D:10)
  11 centaurs
  24 ogres
  9 crocodiles
  14 giant frogs
  A big kobold (D:7)
  A gnoll sergeant (D:6)
  A wyvern skeleton (D:8)
  5 scorpions
  5 killer bees (D:6)
  3 wights (D:10)
  2 howler monkeys
  5 crimson imps
  3 giant frog zombies
  A centaur zombie (D:11)
  10 lava snakes (Volcano)
  3 quasits
  A wasp zombie (D:8)
  A hound (D:12)
  7 jellies
  11 orc priests
  14 orc wizards
  2 giant frog skeletons
  Natasha (thrice) (D:3)
  6 iguanas
  12 worker ants
  18 sheep
  8 ogre zombies (D:10)
  A hound zombie (D:10)
  A hound skeleton (D:6)
  A howler monkey zombie (D:9)
  11 gnolls
  13 adders
  23 river rats
  2 shadow imps
  3 adder skeletons
  An adder zombie (D:8)
  9 worms
  3 dart slugs
  2 giant geckos
  60 orcs
  5 giant cockroaches
  4 hobgoblins
  14 jackals
  8 kobolds
  5 quokkas
  A ball python (D:1)
  4 bats
  A giant cockroach zombie (D:1)
  A giant gecko skeleton (D:8)
  A giant gecko zombie (D:8)
  6 giant newts
  7 goblins
  3 goblin zombies (D:10)
  2 hobgoblin skeletons (D:10)
  2 hobgoblin zombies (D:10)
  A jackal zombie (D:1)
  4 orc skeletons (D:10)
  14 orc zombies (D:10)
  A quokka zombie (D:7)
  6 rats
631 creatures vanquished.

Vanquished Creatures (collateral kills)
  An orc warlord (D:10)
  Harold (Orc:1)
  An orc warrior (Orc:1)
  2 orc wizards (Orc:1)
5 creatures vanquished.

Vanquished Creatures (others)
  An unseen horror (D:10)
  A quasit (D:12)
  An orc priest (D:7)
  5 orcs
  A demonic plant (Abyss:2)
  5 fungi
  3 plants
17 creatures vanquished.

Grand Total: 653 creatures vanquished

Notes
Turn   | Place    | Note
--------------------------------------------------------------
     0 | D:1      | Kloppie the Human Berserker began the quest for the Orb.
     0 | D:1      | Reached XP level 1. HP: 18/18 MP: 1/1
   179 | D:1      | Reached XP level 2. HP: 24/24 MP: 2/2
   849 | D:1      | Reached XP level 3. HP: 29/29 MP: 3/3
  1127 | D:2      | HP: 1/43 [worm (11)]
  1511 | D:2      | Found a radiant altar of Vehumet.
  1541 | D:2      | Reached ** piety under Trog
  1557 | D:2      | Reached XP level 4. HP: 20/37 MP: 4/4
  2096 | D:2      | Reached skill level 4 in Fighting
  2528 | D:3      | Found a blossoming altar of Fedhas.
  2540 | D:3      | Noticed Sigmund
  2583 | D:3      | Killed Sigmund
  2583 | D:3      | Reached XP level 5. HP: 43/43 MP: 5/5
  2583 | D:3      | Reached XP level 6. HP: 49/49 MP: 6/6
  2684 | D:3      | Found a sparkling altar of Nemelex Xobeh.
  2848 | D:3      | Reached skill level 5 in Fighting
  2958 | D:3      | Noticed Natasha
  2978 | D:3      | Killed Natasha
  2978 | D:3      | Reached XP level 7. HP: 29/56 MP: 7/7
  3172 | D:3      | Noticed Natasha
  3196 | D:3      | Killed Natasha
  3196 | D:3      | Reached *** piety under Trog
  3196 | D:3      | Reached skill level 5 in Polearms
  3394 | D:3      | Noticed Natasha
  3800 | D:3      | Killed Natasha
  3948 | D:3      | Gained mutation: Your muscles are strong. (Str +2) [potion of beneficial mutation]
  4228 | D:4      | Noticed ender666's ghost (amateur GrFi)
  4254 | D:4      | Killed ender666's ghost
  4254 | D:4      | Reached XP level 8. HP: 64/64 MP: 8/8
  4457 | D:4      | Reached skill level 6 in Fighting
  4457 | D:4      | Reached skill level 5 in Armour
  4546 | D:4      | Found a stormy altar of Qazlal.
  5177 | D:5      | Entered Level 5 of the Dungeon
  5599 | D:5      | Found a white marble altar of Elyvilon.
  5805 | D:5      | Noticed an angel
  5805 | D:5      | Found a shimmering altar of Xom.
  5805 | D:5      | Found a glowing silver altar of Zin.
  5826 | D:5      | Reached XP level 9. HP: 71/71 MP: 9/9
  5855 | D:5      | Reached **** piety under Trog
  5934 | D:5      | Reached skill level 7 in Fighting
  6042 | D:5      | Noticed Edmund
  6087 | D:5      | Killed Edmund
  6166 | D:5      | Found a shadowy altar of Dithmenos.
  6625 | D:5      | Found a deep blue altar of Sif Muna.
  6629 | D:5      | Found an oddly glowing altar of Pakellas.
  6693 | D:6      | Found a glowing golden altar of the Shining One.
  6875 | D:6      | Noticed Eustachio
  6923 | D:6      | Killed Eustachio
  7005 | D:6      | Reached skill level 8 in Fighting
  7759 | D:6      | Found a staircase to the Ecumenical Temple.
  7885 | D:7      | Reached XP level 10. HP: 70/80 MP: 10/10
  8061 | D:7      | Found a glowing golden altar of the Shining One.
  8322 | D:7      | Noticed Pikel
  8348 | D:7      | Killed Pikel
  8521 | D:7      | Found a bloodstained altar of Trog.
  8987 | D:7      | Found a glowing golden altar of the Shining One.
  9014 | D:7      | Reached skill level 9 in Fighting
  9207 | D:8      | Found a deep blue altar of Sif Muna.
  9374 | D:8      | Found Atejoep's Gadget Emporium.
  9571 | D:8      | Noticed Grum
  9607 | D:8      | Killed Grum
  9863 | D:8      | Reached ***** piety under Trog
 10540 | D:9      | Found a sacrificial altar of Ru.
 10603 | D:9      | Reached XP level 11. HP: 77/90 MP: 11/11
 10615 | D:9      | HP: 6/135 [yak (14)]
 11141 | D:9      | Found Nouchoem's Assorted Antiques.
 11148 | D:9      | Bought a pair of spiked boots for 323 gold pieces
 11153 | D:9      | Identified the +1 pair of boots of Qekuf {*Corrode rF+ Slay+3} (You bought it in a shop on level 9 of the Dungeon)
 11206 | D:9      | Noticed Asterope's ghost (novice GrFE)
 11248 | D:9      | Killed Asterope's ghost
 11248 | D:9      | Reached skill level 10 in Fighting
 11460 | D:9      | Reached skill level 10 in Polearms
 11894 | D:10     | Entered Level 10 of the Dungeon
 12041 | D:10     | Noticed a hill giant
 12049 | D:10     | Killed a hill giant
 12237 | D:10     | Noticed a centaur warrior
 12248 | D:10     | Killed an unseen horror
 12257 | D:10     | Found a staircase to the Orcish Mines.
 12561 | D:9      | Reached skill level 10 in Armour
 12765 | D:10     | Killed a centaur warrior
 13374 | D:11     | Found a staircase to the Lair.
 13391 | D:11     | Noticed a hill giant
 13405 | D:11     | Killed a hill giant
 13487 | D:11     | Reached skill level 11 in Fighting
 13641 | D:11     | Reached XP level 12. HP: 98/100 MP: 12/12
 13765 | D:11     | Reached skill level 1 in Shields
 14064 | Lair:1   | Entered Level 1 of the Lair of Beasts
 14577 | Lair:1   | Noticed DarthKuruptios's ghost (novice MiBe)
 14663 | Lair:1   | Killed DarthKuruptios's ghost
 14832 | Lair:1   | Received a gift from Trog
 15511 | Lair:2   | Got a jewelled cloak
 15517 | Lair:2   | Identified the cursed +0 cloak of Axafusk {rElec} (You found it on level 2 of the Lair of Beasts)
 16013 | Lair:3   | Reached skill level 12 in Fighting
 16205 | Lair:3   | Reached XP level 13. HP: 98/108 MP: 13/13
 16410 | Lair:3   | Found a hole to the Spider Nest.
 16425 | Lair:3   | Received a gift from Trog
 16851 | Lair:4   | Noticed a seven-headed hydra
 16865 | Lair:4   | Killed a seven-headed hydra
 18143 | Lair:5   | Noticed mishamorgan's ghost (journeyman HEWz)
 18162 | Lair:5   | Killed mishamorgan's ghost
 18274 | Lair:5   | Reached skill level 13 in Fighting
 18627 | Lair:5   | Received a gift from Trog
 18937 | Lair:5   | Noticed a seven-headed hydra
 18948 | Lair:5   | Killed a seven-headed hydra
 18964 | Lair:5   | Noticed a seven-headed hydra
 19006 | Lair:5   | Killed a seven-headed hydra
 19006 | Lair:5   | Reached XP level 14. HP: 76/118 MP: 4/14
 19695 | Lair:6   | Found a dark tunnel.
 19704 | Volcano  | Entered a volcano
 19931 | Volcano  | Found a burning altar of Makhleb.
 20310 | Lair:6   | Found a staircase to the Shoals.
 20540 | Lair:6   | Found a staircase to the Slime Pits.
 20936 | Lair:7   | Received a gift from Trog
 20949 | Lair:7   | Got an ivory lajatang {god gift}
 20950 | Lair:7   | Identified the +2 lajatang of Asoukhlabb {venom, Int+4 Dex+2} (Trog gifted it to you on level 7 of the Lair of Beasts)
 21308 | Lair:7   | Reached skill level 5 in Dodging
 21654 | Lair:7   | Reached skill level 14 in Fighting
 22047 | D:12     | Found Vus Ukhu's Assorted Antiques.
 22451 | D:12     | Noticed Azrael
 22623 | D:11     | Killed Azrael
 23501 | Orc:1    | Entered Level 1 of the Orcish Mines
 23501 | Orc:1    | Noticed an orc warlord
 23636 | D:10     | Killed an orc warlord
 24101 | Orc:1    | Noticed Nergalle
 24125 | Orc:1    | Killed Nergalle
 24276 | Orc:2    | Entered Level 2 of the Orcish Mines
 24276 | Orc:2    | Found a staircase to the Elven Halls.
 24590 | Orc:2    | Reached XP level 15. HP: 83/127 MP: 5/15
 24967 | Orc:1    | Noticed Erolcha
 25294 | Orc:1    | Killed Erolcha
 25516 | Orc:1    | Found a roughly hewn altar of Beogh.
 25584 | Orc:1    | Found Ykku's Assorted Antiques.
 25592 | Orc:1    | Noticed Harold
 25604 | Orc:1    | Killed Harold
 25608 | Orc:1    | Received a gift from Trog
 25795 | Orc:1    | Bought a pearl ring for 165 gold pieces
 26307 | Orc:2    | Found Teifa's Antique Weapon Shop.
 26307 | Orc:2    | Found Nopyv's Magic Scroll Boutique.
 26324 | Orc:2    | Found Koqa's Antique Armour Emporium.
 26344 | Orc:2    | Bought a faintly glowing glaive for 287 gold pieces
 26346 | Orc:2    | Found Ceimeteubb's Book Boutique.
 26535 | Orc:2    | Bought a polished cloak for 256 gold pieces
 26535 | Orc:2    | Bought a glowing helmet for 121 gold pieces
 26546 | Orc:2    | Identified the +3 glaive of Wealth {holy, Fragile rElec rF++ Str+2} (You bought it in a shop on level 2 of the Orcish Mines)
 26547 | Orc:2    | Identified the +0 cloak of Donn {rPois rC+ Int+5} (You bought it in a shop on level 2 of the Orcish Mines)
 26618 | Orc:2    | Found a roughly hewn altar of Beogh.
 26822 | D:13     | Reached skill level 15 in Fighting
 27331 | D:13     | Cast into level 2 of the Abyss (a wizard)
 27460 | Abyss:2  | Noticed a cacodemon
 27566 | Abyss:2  | Slain by a spatial maelstrom

Skill      XL: |  1  2  3  4  5  6  7  8  9 10 11 12 13 14 15 |
---------------+----------------------------------------------+-----
Polearms       | 4 5 6 8 9 10 12 13 14 | 14.3
Fighting       | 4 5 6 8 9 11 12 13 14 15 | 15.0
Armour         | 3 4 6 7 9 10 11 12 | 12.6
Shields        | 4 |  4.0
Dodging        | 8 9 |  9.8

Action                   |  1- 3 |  4- 6 |  7- 9 | 10-12 | 13-15 || total
-------------------------+-------+-------+-------+-------+-------++-------
Melee: Spear             |   124 |   195 |   454 |       |       ||   773
       Trident           |       |       |   251 |  1116 |  1722 ||  3089
Invok: Berserk           |     2 |     3 |     6 |     6 |    11 ||    28
       Trog's Hand       |       |     2 |     3 |     1 |    11 ||    17
       Brothers in Arms  |       |       |       |       |     3 ||     3
  Use: Scroll            |       |       |    17 |    12 |    12 ||    41
       Potion            |       |       |     1 |     1 |     2 ||     4
 Stab: Sleeping          |     1 |       |       |     4 |       ||     5
  Eat: Chunk             |     4 |     7 |    17 |    27 |    33 ||    88
       Pizza             |       |     1 |       |       |       ||     1
       Meat ration       |       |       |     2 |     2 |     1 ||     5
       Fruit             |       |       |     1 |     1 |       ||     2
       Royal jelly       |       |       |       |     1 |       ||     1
       Bread ration      |       |       |       |       |     2 ||     2
       Beef jerky        |       |       |       |       |     1 ||     1
Armor: Animal skin       |    13 |    12 |       |       |       ||    25
       Ring mail         |       |    13 |   100 |       |       ||   113
       Chain mail        |       |       |   280 |       |   509 ||   789
       Leather armour    |       |       |     1 |   121 |       ||   122
       Plate armour      |       |       |       |   370 |   274 ||   644
Dodge: Dodged            |    42 |    65 |   344 |   329 |   613 ||  1393
Block: Buckler           |       |       |       |    43 |   340 ||   383
